 Dungeon Crawl Stone Soup version 0.25-a0-544-gee0576305d (webtiles) character file.

Game seed: 3134010242747778162, levelgen mode: deterministic

60 Esekla the Magician (level 3, -1/19 HPs)
             Began as a Deep Elf Wizard on Feb 20, 2020.
             Slain by a leopard gecko (3 damage)
             ... on level 2 of the Dungeon.
             The game lasted 00:12:19 (1971 turns).

Esekla the Magician (Deep Elf Wizard)               Turns: 1971, Time: 00:12:19

Health: -1/19      AC:  2    Str:  5    XL:     3   Next: 80%
Magic:  12/12      EV: 13    Int: 22    God:
Gold:   71         SH:  0    Dex: 13    Spells: 4/13 levels left

rFire    . . .     SeeInvis .   l - +0 short sword
rCold    . . .     Gourm    .   (no shield)
rNeg     . . .     Faith    .   a - +0 robe
rPois    .         Spirit   .   b - +0 hat
rElec    .         Reflect  .   (no cloak)
rCorr    .         Harm     .   (no gloves)
MR       .....                  (no boots)
Stlth    ++........             (no amulet)
HPRegen  0.06/turn              (no ring)
MPRegen  0.13/turn              (no ring)

@: no status effects
A: no striking features
a: no special abilities


You were on level 2 of the Dungeon.
You were not hungry.

You visited 1 branch of the dungeon, and saw 2 of its levels.

You collected 71 gold pieces.

Inventory:

Hand Weapons
 l - a +0 short sword (weapon)
Armour
 a - a +0 robe (worn)
 b - a +0 hat (worn)
Scrolls
 g - 2 scrolls of identify {unknown}
 h - a scroll of blinking {unknown}
 i - a scroll of remove curse {unknown}
Potions
 e - 2 potions of heal wounds {unknown}
 f - a potion of resistance {unknown}
 j - a potion of degeneration {unknown}
Comestibles
 d - 4 rations
 k - 2 chunks of flesh


   Skills:
 + Level 0.2 Short Blades
 * Level 3.1 Dodging
 + Level 2.9 Stealth
 * Level 5.6 Spellcasting
 + Level 1.4 Conjurations
   Level 1.1 Summonings
 * Level 1.5 Translocations


You had 4 spell levels left.
You knew the following spells:

 Your Spells              Type           Power        Failure   Level  Hunger
a - Magic Dart            Conj           ##..         5%          1    None
b - Blink                 Tloc           N/A          8%          2    None
c - Mephitic Cloud        Conj/Pois/Air  #.......     24%         3    ##.....
f - Conjure Flame         Conj/Fire      #.......     22%         3    ##.....

Your spell library contained the following spells:

 Spells                   Type           Power        Failure   Level  Hunger
 Call Imp                 Summ           ##......     9%          2    None
 Slow                     Hex            #.......     14%         2    None


Dungeon Overview and Level Annotations

Branches:
Dungeon (2/15)

Altars:
Kikubaaqudgha
Zin


Message History

Confirm with . or Enter, or press ? or * to list all spells.
You blink.
You hit the rat.
The rat is moderately wounded.
The rat completely misses you.
You hit the rat.
You kill the rat!
You barely miss the leopard gecko. The leopard gecko bites you.
The leopard gecko barely misses you.
You closely miss the rat. The rat bites you.
The rat bites you but does no damage.
You hit the rat.
You kill the rat!
The leopard gecko bites you.
* * * LOW HITPOINT WARNING * * *
Casting: Blink (safe; 8% risk of failure)
Confirm with . or Enter, or press ? or * to list all spells.
You don't know that spell.
The leopard gecko barely misses you. The leopard gecko bites you.
You die...

#####.###### #.#..............#
###......# #.#.......###..#.###
##.....###.###K#.......###...(..)
.......# #..g.#.............)..##
#..##..###.###.#.......###(##..#
#..##..>...# #.#.......###.##..##
#..........# #.#.................
......##.#.# #.##.###..####.#..##
#.######.#.# #..@l# #..# #......
#.# #.#.# ####g###†#######).(.
#.# # #K# #...g.# #.....### #.#
.#.........### #.##### #.# #
########## #.# #.########.# #.#
#.##.......# #.# #.##.## #.#
#.....# #.#


You could see a leopard gecko and a hobgoblin.

Vanquished Creatures
  An adder skeleton (D:2)
  2 leopard geckos
  8 bats
  A giant cockroach (D:1)
  7 hobgoblins
  3 jackals
  6 kobolds
  6 frilled lizards
  10 goblins
  6 rats
50 creatures vanquished.

Notes
Turn   | Place    | Note
-------+----------+-------------------------------------------
     0 | D:1      | Esekla the Deep Elf Wizard began the quest for the Orb.
     0 | D:1      | Reached XP level 1. HP: 10/10 MP: 7/7
   446 | D:2      | Reached skill level 5 in Spellcasting
   474 | D:2      | Reached XP level 2. HP: 15/15 MP: 7/10
   489 | D:2      | Learned a level 2 spell: Blink
   966 | D:1      | You fall into a shaft and drop 1 floor!
  1149 | D:1      | Reached XP level 3. HP: 19/19 MP: 11/11
  1815 | D:2      | Learned a level 3 spell: Mephitic Cloud
  1819 | D:2      | Learned a level 3 spell: Conjure Flame
  1859 | D:2      | Found a glowing silver altar of Zin.
  1859 | D:2      | Found an ancient bone altar of Kikubaaqudgha.
  1971 | D:2      | Slain by a leopard gecko

Levels and vault maps discovered:
D:1:      nicolae_arrival_washed_ashore, layout_basic, hex_large,
          corexii_item_surrounded_by_moat, minmay_pentomino_p2
D:2:      layout_loops_ring, gammafunk_temple_overflow_pools

Skill      XL: |  1  2  3 |
---------------+----------+-----
Spellcasting   | 5 |  5.6
Dodging        | 3 |  3.1
Short Blades   | |  0.2
Stealth        | |  2.9
Conjurations   | |  1.4
Summonings     | |  1.1
Translocations | |  1.5

Action                   || total
-------------------------++-------
Melee: Dagger            ||    24
       Short sword       ||    12
 Cast: Magic Dart        ||    88
       Mephitic Cloud    ||     1
       Blink             ||     1
 Stab: Sleeping          ||     7
  Eat: Chunk             ||     3
Armor: Robe              ||    14
Dodge: Dodged            ||    45

Table legend:
 A = Non-vault XP
 B = Vault XP
 C = Vault XP percentage of total XP
 D = Non-vault monster count
 E = Vault monster count
 F = Vault count percentage of total count
                 A         B        C        D         E       F
            +---------+---------+-------+---------+---------+-------
      Total |      86 |       0 |   0.0 |      50 |       0 |   0.0
            +---------+---------+-------+---------+---------+-------
        D:1 |      41 |       0 |   0.0 |      25 |       0 |   0.0
        D:2 |      45 |       0 |   0.0 |      25 |       0 |   0.0
            +---------+---------+-------+---------+---------+-------
